 Dungeon Crawl Stone Soup version 0.28-a0-384-g9e0c098162 (webtiles) character file.

Game seed: 17588199332068736074

121 SolCadguy the Chopper (level 4, -21/35 HPs)
             Began as a Palentonga Warper on Sept 3, 2021.
             Demolished by an ogre (23 damage)
             ... on level 4 of the Dungeon.
             The game lasted 00:08:07 (2961 turns).

SolCadguy the Chopper (Palentonga Warper)           Turns: 2961, Time: 00:08:08

Health: -21/35     AC:  4    Str: 13 (16) XL:     4   Next: 76%
Magic:  2/7        EV:  9    Int: 11 (13) God:
Gold:   72         SH:  0    Dex:  8 (9)  Spells: 5/7 levels left

rFire   . . .      SeeInvis +   a - +0 hand axe
rCold   . . .      Faith    .   (no shield)
rNeg    . . .      Spirit   .   b - +0 leather armour
rPois   .          Reflect  .   (no helmet)
rElec   .          Harm     .   (no cloak)
rCorr   .          Rampage  .   (no gloves)
Will    .....                   (no barding)
Stlth   +.........              l - amulet of regeneration
HPRegen 1.11/turn               (no ring)
MPRegen 0.10/turn               (no ring)

@: lit by a corona, glowing
A: large, rugged brown scales 3, see invisible, deformed body, roll 1, armoured
tail
a: Rolling Charge


You were on level 4 of the Dungeon.
You visited 1 branch of the dungeon, and saw 5 of its levels.

You collected 72 gold pieces.

Inventory:

Hand Weapons
 a - a +0 hand axe (weapon)
 k - a +1 dagger of speed
 m - a +0 hunting sling
Missiles
 d - 5 boomerangs of dispersal
 n - 10 poisoned darts (quivered)
Armour
 b - a +0 leather armour (worn)
Jewellery
 l - an amulet of regeneration (around neck)
Scrolls
 h - a scroll of fog
 j - 2 scrolls of amnesia


   Skills:
 - Level 2.0 Fighting
 + Level 5.0 Axes
 - Level 0.6 Throwing
 - Level 0.7 Armour
 - Level 1.5 Dodging
 - Level 2.0 Spellcasting
 - Level 3.0 Translocations


You had 5 spell levels left.
You knew the following spells:

 Your Spells              Type           Power      Damage    Failure   Level
a - Blink                 Tloc           N/A        N/A       16%         2

Your spell library contained the following spells:

 Spells                   Type           Power      Damage    Failure   Level
 Gell's Gravitas          Tloc           3%         N/A       32%         3
 Lesser Beckoning         Tloc           7%         N/A       32%         3
 Teleport Other           Tloc           7%         N/A       32%         3
 Magic Dart               Conj           4%         1d3       36%         1
 Passwall                 Tmut/Erth      0%         N/A       50%         2
 Searing Ray              Conj           2%         3d3       50%         2
 Swiftness                Air            1%         N/A       73%         3
 Manifold Assault         Tloc           7%         N/A       96%         5
 Fulminant Prism          Conj/Hex       0%         3d6       98%         4
 Invisibility             Hex            0%         N/A       100%        6


Dungeon Overview and Level Annotations

Branches:
Dungeon (5/15)
 Temple: D:4-7

Altars:
Makhleb

Shops:
D:4 :

Annotations:
D:4 Dowan, Duvessa


Innate Abilities, Weirdness & Mutations

You are completely covered in rugged brown scales. (AC +3, +7% HP)
You have supernaturally acute eyesight. (SInv)
Armour fits poorly on your strangely shaped body.
You can roll at nearby foes to attack.
You have a long armoured tail.


Message History

Confirm with . or Enter, or press ? or * to list all spells.
Okay, then.
Dowan casts a spell.
Dowan blinks!
Casting: Blink (safe; 16% risk of failure)
Confirm with . or Enter, or press ? or * to list all spells.
You don't have enough magic to cast this spell.
Unknown command.
Casting: Blink (safe; 16% risk of failure)
Confirm with . or Enter, or press ? or * to list all spells.
You don't have enough magic to cast this spell.
You hit Duvessa.
Your tail-slap misses Duvessa.
Duvessa is lightly wounded.
Duvessa hits you with a +0 short sword!
Dowan says, "There's a certain beauty in death, don't you think?"
Duvessa hits you but does no damage. Dowan hits you but does no damage.
Casting: Blink (safe; 16% risk of failure)
Confirm with . or Enter, or press ? or * to list all spells.
You don't have enough magic to cast this spell.
You hit Duvessa.
Duvessa is lightly wounded.
Duvessa hits you with a +0 short sword.
You hit Dowan.
Dowan is lightly wounded.
You hit the ogre. You barely miss Duvessa. Duvessa hits you but does no damage.
The ogre closely misses you.
Dowan says, "Magic and the sword, together, will defeat you."
Dowan hits you with a +0 dagger.
* * * LOW HITPOINT WARNING * * *
Duvessa hits you with a +0 short sword.
* * * LOW HITPOINT WARNING * * *
You hit Duvessa but do no damage.
Duvessa is lightly wounded.
You barely miss the ogre. You barely miss Dowan. Duvessa completely misses you.
Dowan hits you with a +0 dagger.
* * * LOW HITPOINT WARNING * * *
The ogre hits you with a +0 giant spiked club!!
Ouch! That really hurt!
You die...

###............###
###...##...###
##..####### #
####..## ####
#....### ###...
#......# ##.....
#.....## #......
#Oee.## #.......
#.@.## ##......
##### #......
##J###. ## ..# #..
.#?


You could see Duvessa (fast), an ogre and Dowan.

Vanquished Creatures
  6 adders
  3 dart slugs
  An orc (D:3)
  4 bats
  8 endoplasms
  A giant cockroach (D:2)
  2 goblins (D:1)
  5 hobgoblins
  6 quokkas
  8 ball pythons
  2 frilled lizards (D:2)
  9 kobolds
  4 rats
59 creatures vanquished.

Vanquished Creatures (others)
  A demonic plant (D:2)
1 creature vanquished.

Grand Total: 60 creatures vanquished

Notes
Turn   | Place    | Note
-------+----------+-------------------------------------------
     0 | D:1      | SolCadguy the Palentonga Warper began the quest for the
                  | Orb.
     0 | D:1      | Reached XP level 1. HP: 17/17 MP: 3/3
   258 | D:1      | Reached XP level 2. HP: 18/23 MP: 5/5
   261 | D:1      | Learned a level 2 spell: Blink
   422 | D:1      | Reached skill level 3 in Axes
  1295 | D:2      | Reached XP level 3. HP: 7/28 MP: 2/6
  1737 | D:2      | Reached skill level 4 in Axes
  2010 | D:2      | Reached XP level 4. HP: 22/35 MP: 2/7
  2251 | D:2      | Found a faded altar of an unknown god.
  2251 | D:2      | Noticed a lorocyproca
  2545 | D:3      | You fall into a shaft and drop 1 floor!
  2555 | D:4      | Noticed an orc warrior
  2595 | D:4      | Reached skill level 5 in Axes
  2640 | D:5      | Entered Level 5 of the Dungeon
  2640 | D:5      | Found a burning altar of Makhleb.
  2741 | D:5      | Noticed an ogre
  2892 | D:4      | Found Rez Meor's Self-Improvement Boutique.
  2917 | D:4      | Noticed an ogre
  2938 | D:4      | Noticed Duvessa
  2938 | D:4      | Noticed Dowan
  2961 | D:4      | Demolished by an ogre

Illustrated notes

Levels and vault maps discovered:
D:1:      nzn_arrival_crosshair, layout_basic, minmay_misc_feat_square,
          minmay_misc_feat_nine_boxes
D:2:      layout_basic, dreamdust_ecumenical_altar_sealed_demon,
          amcnicky_mini_corridor_feature
D:3:      layout_basic, gammafunk_ghost_mausoleum, kennysheep_decorative_pillar
D:4:      minmay_evil_eye, layout_cave_pods,
          hangedman_abyss_or_decor_jellyfish_corner, nicolae_shop_self_help,
          uniq_duvessa
D:5:      layout_basic, mainiacjoe_overflow_concentric_impassable,
          minmay_temple_entry_trees, gammafunk_ghost_nasty_kobolds

Skill      XL: |  1  2  3  4 |
---------------+-------------+-----
Axes           | 3 4 5 |  5.0
Fighting       | |  2.0
Throwing       | |  0.6
Armour         | |  0.7
Dodging        | |  1.5
Spellcasting   | |  2.0
Translocations | |  3.0

Action                   |  1- 3 |  4- 6 || total
-------------------------+-------+-------++-------
Melee: Hand axe          |   116 |   100 ||   216
       Tailslap          |     8 |     4 ||    12
Throw: Dart              |       |     1 ||     1
 Cast: Blink             |     3 |     5 ||     8
 Abil: Rolling Charge    |    34 |     8 ||    42
  Use: Scroll            |       |     4 ||     4
       Potion            |       |     4 ||     4
Armor: Leather armour    |    34 |    36 ||    70
Dodge: Dodged            |    48 |    60 ||   108

Table legend: (Time is in decaauts)
 A = Elapsed time spent in this place.
 B = Non-inter-level travel time spent in this place.
 C = Inter-level travel time spent in this place.
 D = Time resting spent in this place.
 E = Time spent auto-exploring this place.
 F = Levels seen in this place.
 G = Mean time per level.
                   A        B        C        D        E       F      G
               +--------+--------+--------+--------+--------+-----+--------+
         Total |   2969 |   2949 |     20 |    498 |   1841 |   5 |  593.8 |
       Dungeon |   2969 |   2949 |     20 |    498 |   1841 |   5 |  593.8 |
               +--------+--------+--------+--------+--------+-----+--------+

Top non-repeatable levels by time:
     D:1: 1270 daAuts
     D:2: 1137 daAuts
     D:5: 220 daAuts
     D:4: 184 daAuts
     D:3: 156 daAuts
